 Dungeon Crawl Stone Soup version 0.31.0-11-ge490571c62 (webtiles) character file.

Game seed: 12703325828578825410

491 SnakkuSnakku7 the Chopper (level 6, 0/50 HPs)
             Began as an Armataur Hedge Wizard on Jan 27, 2024.
             Slain by an orc
             ... wielding a +0 club
              (4 damage)
             ... on level 5 of the Dungeon.
             The game lasted 00:04:48 (4117 turns).

SnakkuSnakku7 the Chopper (Armataur Hedge Wizard)   Turns: 4117, Time: 00:04:48

Health: 0/50       AC:  6    Str: 18    XL:     6   Next: 91%
Magic:  10/10      EV:  9    Int: 14    God:
Gold:   268        SH:  0    Dex:  9    Spells: 9/10 levels left

rFire   . . .        a - +0 war axe (flame)
rCold   . . .        (no shield)
rNeg    . . .        b - +0 robe
rPois   .            e - +0 helmet
rElec   +            (no cloak)
rCorr   .            m - +0 pair of gloves
SInv    .            (no barding)
Will    .....        (no amulet)
Stlth   ++           (no ring)
HPRegen 0.28/turn    (no ring)
MPRegen 0.12/turn

%: clarity, roll
@: no status effects
A: large, deformed body, tough skin 3, armoured tail, roll 1, clarity, mutation
resistance 1, electricity resistance
a: no special abilities


You were on level 5 of the Dungeon.
You visited 1 branch of the dungeon, and saw 5 of its levels.

You collected 268 gold pieces.

Inventory:

Hand Weapons
 a - a +0 war axe of flaming (weapon)
Missiles
 c - 5 poisoned darts
Armour
 b - a +0 robe (worn)
 e - a +0 helmet (worn)
 m - a +0 pair of gloves (worn)
Wands
 j - a wand of charming (2)
Scrolls
 f - a scroll of brand weapon
 g - a scroll of fog {unknown}
 h - 3 scrolls of fear {unknown}
 i - a scroll of identify {unknown}
 l - a scroll of teleportation
 r - 3 scrolls of vulnerability {unknown}
Potions
 d - a potion of magic
 k - 2 potions of lignification {unknown}
 n - a potion of attraction {unknown}
 o - a potion of resistance {unknown}
 p - a potion of heal wounds {unknown}
 q - a potion of haste {unknown}


   Skills:
 - Level 2.8 Fighting
 + Level 5.2 Axes
 - Level 1.3 Dodging
 - Level 2.1 Stealth
 - Level 2.6 Spellcasting
 - Level 0.8 Conjurations
 - Level 0.7 Summonings
 - Level 1.0 Translocations


You had 9 spell levels left.
You knew the following spells:

 Your Spells              Type           Power      Damage    Failure   Level
a - Magic Dart            Conj           16%        1d3       16%         1

Your spell library contained the following spells:

 Spells                   Type           Power      Damage    Failure   Level
 Apportation              Tloc           8%         N/A       14%         1
 Summon Small Mammal      Summ           12%        N/A       17%         1
 Sting                    Conj/Alch      12%        1d3       19%         1
 Necrotise                Necr           4%         1d4       22%         1
 Slow                     Hex            4%         N/A       22%         1
 Blink                    Tloc           8%         N/A       22%         2
 Lesser Beckoning         Tloc           8%         N/A       22%         2
 Call Imp                 Summ           6%         N/A       26%         2
 Cigotuvi's Dreadful Rot  Necr/Alch/Air  2%         N/A       32%         2
 Jinxbite                 Hex            2%         N/A       32%         2
 Gell's Gravitas          Tloc           4%         N/A       41%         3
 Teleport Other           Tloc           4%         N/A       41%         3
 Volatile Blastmotes      Fire/Tloc      6%         2d10      47%         3
 Mephitic Cloud           Conj/Alch/Air  2%         N/A       52%         3
 Tukima's Dance           Hex            1%         N/A       54%         3
 Vampiric Draining        Necr           1%         2d6       54%         3
 Iskenderun's Mystic Bla  Conj/Tloc      4%         2d3       83%         4
 Dimensional Bullseye     Hex/Tloc       1%         N/A       87%         4
 Fulminant Prism          Conj/Alch      1%         3d5       88%         4
 Martyr's Knell           Necr/Summ      2%         N/A       88%         4
 Curse of Agony           Necr           1%         N/A       99%         5
 Yara's Violent Unravell  Hex/Alch       0%         3d3       99%         5
 Dispersal                Tloc           2%         N/A       100%        6
 Enfeeble                 Hex            0%         N/A       100%        7


Dungeon Overview and Level Annotations

Branches:
Dungeon (5/15)
 Temple: D:4-7

Altars:
Xom


Innate Abilities, Weirdness & Mutations

Armour fits poorly on your strangely shaped body.
You have extremely tough skin. (AC +3)
You have a long armoured tail.
You regenerate magic when rolling toward enemies. (Rampage MPRegen)
You possess an exceptional clarity of mind.
You are somewhat resistant to further mutation.
You are resistant to electric shocks. (rElec)


Message History

You closely miss the orc wizard. The orc wizard casts a spell at you.
The magic dart hits you!
You slash the orc wizard! You burn the orc wizard.
Your tail-slap misses the orc wizard.
The orc wizard is almost dead.
The orc wizard hits you with a +1 dagger of speed.
You slash the orc wizard! You burn the orc wizard.
You kill the orc wizard!
You barely miss the orc. You slash the orc! You burn the orc.
You kill the orc!
You hit the iguana. You burn the iguana.
The iguana is lightly wounded.
The iguana bites you! The iguana bites you.
You barely miss the iguana.
The iguana is lightly wounded.
The iguana bites you but does no damage.
You hit the iguana but do no damage.
The iguana is lightly wounded.
The iguana bites you!
You are too injured to fight recklessly!
You are too injured to fight recklessly!
You hit the iguana but do no damage.
The iguana is lightly wounded.
The iguana bites you!
* * * LOW HITPOINT WARNING * * *
You hit the iguana but do no damage.
Your tail-slap misses the iguana.
The iguana is lightly wounded.
The iguana bites you but does no damage.
The iguana barely misses you.
You closely miss the iguana.
The iguana is lightly wounded.
The iguana bites you but does no damage.
You slash the iguana! You burn the iguana.
The iguana is almost dead.
You closely miss the orc. The iguana bites you!
* * * LOW HITPOINT WARNING * * *
The orc hits you with a +0 club.
You die...

....... #..... ..#.# #.
.... #.. #..### #..##
#....# ##.... ##)#
.###.#....#.##.l##
.......##......#@#
.....#.##......o##
.............#.##
.....#.........#
..............####
.......#.........########.
.....#.##......#..........
.......#....####.......#.#
#.....##.#.####...........


You could see an iguana and an orc.

Vanquished Creatures
  A phantom (D:5)
  A bombardier beetle (D:4)
  2 hounds
  Ijyb (D:3)
  4 iguanas (D:4)
  A sleepcap (D:5)
  2 orc wizards
  4 adders
  2 ribbon worms
  6 orcs
  5 endoplasms
  4 giant cockroaches
  7 goblins
  7 hobgoblins
  5 jackals (D:1)
  3 quokkas (D:2)
  7 ball pythons
  5 bats
  6 frilled lizards
  6 kobolds
  2 rats (D:1)
81 creatures vanquished.

Notes
Turn   | Place    | Note
-------+----------+-------------------------------------------
     0 | D:1      | SnakkuSnakku7 the Armataur Hedge Wizard began the quest for
                  | the Orb.
     0 | D:1      | Reached XP level 1. HP: 14/14 MP: 4/4
   149 | D:1      | Reached skill level 1 in Fighting
   330 | D:1      | Reached XP level 2. HP: 23/23 MP: 5/5
  1143 | D:2      | Reached XP level 3. HP: 28/30 MP: 7/7
  1581 | D:2      | You fall into a shaft and drop 1 floor!
  1685 | D:3      | Noticed Ijyb
  1753 | D:3      | Gained mutation: You possess an exceptional clarity of
                  | mind. [potion of mutation]
  1753 | D:3      | Gained mutation: You are resistant to electric shocks.
                  | (rElec) [potion of mutation]
  1753 | D:3      | Gained mutation: You are somewhat resistant to further
                  | mutation. [potion of mutation]
  2199 | D:2      | Reached skill level 1 in Axes
  2238 | D:2      | Found a faded altar of an unknown god.
  2421 | D:3      | Killed Ijyb
  2422 | D:3      | Reached XP level 4. HP: 28/37 MP: 8/8
  2645 | D:3      | Reached skill level 2 in Axes
  3194 | D:4      | Found a shimmering altar of Xom.
  3299 | D:4      | Reached XP level 5. HP: 34/44 MP: 9/9
  3306 | D:4      | Reached skill level 3 in Axes
  3672 | D:4      | Reached skill level 4 in Axes
  3672 | D:4      | Reached XP level 6. HP: 49/50 MP: 10/10
  3890 | D:5      | Entered Level 5 of the Dungeon
  3961 | D:5      | Reached skill level 5 in Axes
  4117 | D:5      | Slain by an orc

Illustrated notes

Levels and vault maps discovered:
D:1:      psy_arrival_basics, layout_loops_corners, grunt_decor_fettered,
          minmay_misc_feat_diagonals
D:2:      layout_loops_corners, dreamdust_ecumenical_altar_statues,
          minmay_increasing_density
D:3:      layout_basic, uniq_ijyb
D:4:      layout_basic, old_standard_altar
D:5:      layout_rooms, elyvilon_altar_3, serial_rivers,
          chequers_serial_rivers_micro_a, chequers_serial_rivers_large_a,
          chequers_serial_rivers_micro_e, chequers_serial_rivers_micro_b,
          chequers_serial_rivers_room_a, st_stairs_1, grunt_decor_one_mirror,
          hangedman_decor_push, nicolae_elevator_lobby_asterisk

Skill      XL: |  1  2  3  4  5  6 |
---------------+-------------------+-----
Fighting       | 1 2 |  2.8
Axes           | 1 2 4 5 |  5.2
Dodging        | |  1.3
Stealth        | |  2.1
Spellcasting   | |  2.6
Conjurations   | |  0.8
Summonings     | |  0.7
Translocations | |  1.0

Action                     |  1- 3 |  4- 6 || total
---------------------------+-------+-------++-------
  Melee: Dagger            |   122 |       ||   122
         Tailslap          |    14 |    16 ||    30
         Punch             |     2 |     1 ||     3
         War axe           |    49 |   120 ||   169
    Use: Potion            |     3 |       ||     3
         Scroll            |       |     2 ||     2
   Stab: Sleeping          |    13 |     3 ||    16
 Armour: Robe              |   152 |   100 ||   252
  Dodge: Dodged            |    95 |    67 ||   162
